 Dungeon Crawl Stone Soup version 0.25-a0-940-gc6eaff51cc (webtiles) character file.

Game seed: 3929656113992177002, levelgen mode: deterministic

5250 kae the Frost Mage (level 10, -3/63 HPs)
             Began as a Merfolk Ice Elementalist on May 5, 2020.
             Was a Priest of Vehumet.
             Slain by a centaur warrior skeleton (5 damage)
             ... on level 9 of the Dungeon.
             The game lasted 00:12:37 (12636 turns).

kae the Frost Mage (Merfolk Ice Elementalist)      Turns: 12636, Time: 00:12:37

Health: -3/63      AC:  5    Str:  8    XL:     10   Next: 62%
Magic:  20/22      EV: 12    Int: 19    God:    Vehumet [***...]
Gold:   486        SH:  0    Dex: 14    Spells: 13/25 levels left

rFire    x . .     SeeInvis .   r - +0 hand axe
rCold    + . .     Gourm    .   (no shield)
rNeg     . . .     Faith    .   a - +1 robe
rPois    +         Spirit   .   (no helmet)
rElec    .         Reflect  .   p - +0 cloak
rCorr    .         Harm     .   (no gloves)
MR       .....                  o - +0 pair of boots
Stlth    ++........             (no amulet)
HPRegen  0.20/turn              b - ring of ice
MPRegen  0.18/turn              u - ring of poison resistance

@: frozen ramparts, lightly drained
A: change form in water, swift swim, stealthy swim
a: Renounce Religion


You were on level 9 of the Dungeon.
You worshipped Vehumet.
Vehumet was most pleased with you.
You were near starving.

You visited 1 branch of the dungeon, and saw 9 of its levels.

You collected 486 gold pieces.

Inventory:

Hand Weapons
 r - a +0 hand axe (weapon)
Armour
 a - a +1 robe (worn)
 o - a +0 pair of boots (worn)
 p - a +0 cloak (worn)
Jewellery
 b - a ring of ice (left hand)
 j - an uncursed ring of fire
 u - a ring of poison resistance (right hand)
Wands
 f - a wand of digging (6)
 q - a wand of polymorph (4)
 w - a wand of iceblast (15)
 y - a wand of paralysis (7)
 C - a wand of random effects (27)
Scrolls
 e - 9 scrolls of remove curse
 k - a scroll of enchant armour
 m - 5 scrolls of teleportation
 n - 4 scrolls of blinking
 s - a scroll of identify
 v - a scroll of amnesia
 A - a scroll of fog
Potions
 d - a potion of brilliance {unknown}
 g - 2 potions of might
 h - 3 potions of curing
 i - a potion of haste {unknown}
 l - 2 potions of degeneration {unknown}
 t - a potion of cancellation {unknown}
 x - 2 potions of flight {unknown}
 z - 2 potions of stabbing
 B - a potion of ambrosia {unknown}
 D - a potion of mutation {unknown}
Comestibles
 c - 10 rations


   Skills:
 - Level 2.6(2.2) Dodging
 - Level 2.1(1.7) Stealth
 + Level 8.0(7.5) Spellcasting
 + Level 4.0(3.5) Conjurations
 * Level 13.3(12.7) Ice Magic


You had 13 spell levels left.
You knew the following spells:

 Your Spells              Type           Power        Failure   Level  Hunger
a - Freeze                Ice            ####         1%          1    None
b - Frozen Ramparts       Ice            ######       1%          3    #......
c - Ozocubu's Armour      Chrm/Ice       #####...     2%          3    #......
d - Magic Dart            Conj           ###.         1%          1    None
e - Hailstorm             Conj/Ice       ######..     1%          4    ###....

Your spell library contained the following spells:

 Spells                   Type           Power        Failure   Level  Hunger
 Conjure Flame            Conj/Fire      ##......     4%          3    #......
 Summon Ice Beast         Ice/Summ       #####...     7%          4    ###....
 Animate Skeleton         Necr           N/A          10%         1    None
 Apportation              Tloc           #.....       10%         1    None
 Corona                   Hex            #......      10%         1    None
 Summon Small Mammal      Summ           #...         10%         1    None


Dungeon Overview and Level Annotations

Branches:
Dungeon (9/15)             Temple (0/1) D:6
   Lair: D:8-11         Orc: D:9-12

Altars:
Cheibriados
Makhleb
Okawaru
Trog
Uskayaw
Vehumet
Zin

Annotations:
D:9 1 runed translucent door, Bvern's ghost, novice BaIE


Message History

The centaur warrior skeleton completely resists.
The wall freezes the centaur warrior skeleton but do no damage.
The centaur warrior skeleton barely misses you.
You hit the centaur warrior skeleton.
The centaur warrior skeleton is almost destroyed.
The centaur warrior skeleton resists.
The wall freezes the centaur warrior skeleton.
The centaur warrior skeleton hits you.
* * * LOW HITPOINT WARNING * * *
The centaur warrior skeleton completely resists.
The wall freezes the centaur warrior skeleton but do no damage.
The centaur warrior skeleton hits you but does no damage.
The centaur warrior skeleton completely resists.
The wall freezes the centaur warrior skeleton but do no damage.
The centaur warrior skeleton hits you.
* * * LOW HITPOINT WARNING * * *
The centaur warrior skeleton completely resists.
The wall freezes the centaur warrior skeleton but do no damage. x2
The centaur warrior skeleton hits you.
You die...

#.(.# #. #####'####
#. #........# ###+
#........#########...
#........##......'...
#........'..######...
#........#### #...
###'###### #...
#.@Z.# #... ####.#
#### #.# # #'# #####
#.......# #....
#.......# #....
#.......# +....
#.......+ #....
#.......# #....


You could see a centaur warrior skeleton.

Vanquished Creatures
  A two-headed ogre (D:9)
  A cyclops (D:8)
  A hippogriff (D:9)
  A hornet (D:9)
  Sigmund (D:6)
  A wyvern (D:8)
  Duvessa (D:5)
  2 sky beasts
  A water moccasin (D:9)
  A black bear (D:8)
  An ice beast (D:7)
  2 phantoms
  7 ogres
  3 centaurs
  2 bullfrogs
  A scorpion (D:9)
  Dowan (D:5)
  3 killer bees (D:9)
  5 wights (D:9)
  2 howler monkeys
  4 crimson imps
  2 jellies
  5 hounds
  A quasit (D:9)
  5 orc priests
  A bullfrog skeleton (D:5)
  2 centaur skeletons
  11 worker ants
  8 orc wizards
  3 hound zombies
  2 hound skeletons
  8 adders
  4 gnolls (D:6)
  A howler monkey skeleton (D:8)
  4 worms
  A dart slug (D:3)
  2 leopard geckos
  34 orcs
  A ball python (D:4)
  7 giant cockroaches
  10 goblins
  10 hobgoblins
  20 jackals
  5 quokkas
  7 bats
  4 frilled lizards
  10 kobolds
  A leopard gecko skeleton (D:6)
  A quokka skeleton (D:7)
  A quokka zombie (D:6)
  7 rats
220 creatures vanquished.

Notes
Turn   | Place    | Note
-------+----------+-------------------------------------------
     0 | D:1      | kae the Merfolk Ice Elementalist began the quest for the
                  | Orb.
     0 | D:1      | Reached XP level 1. HP: 13/13 MP: 3/3
   298 | D:1      | Reached XP level 2. HP: 18/19 MP: 0/5
   603 | D:1      | Reached skill level 5 in Ice Magic
   967 | D:1      | Reached XP level 3. HP: 15/24 MP: 4/6
  2286 | D:2      | Reached XP level 4. HP: 20/30 MP: 0/8
  2394 | D:2      | Found a bloodstained altar of Trog.
  2910 | D:3      | Found a hide-covered altar of Uskayaw.
  3031 | D:3      | Reached skill level 6 in Ice Magic
  3036 | D:3      | Learned a level 3 spell: Frozen Ramparts
  3627 | D:3      | Reached XP level 5. HP: 35/35 MP: 7/9
  3746 | D:3      | Found a bloodstained altar of Trog.
  3747 | D:3      | Found a glowing silver altar of Zin.
  3747 | D:3      | Found a snail-covered altar of Cheibriados.
  3747 | D:3      | Found an iron altar of Okawaru.
  3747 | D:3      | Found a burning altar of Makhleb.
  3749 | D:3      | Found a radiant altar of Vehumet.
  3754 | D:3      | Became a worshipper of Vehumet
  4162 | D:4      | Noticed an ogre
  4168 | D:4      | Killed an ogre
  4521 | D:4      | Reached XP level 6. HP: 27/41 MP: 6/11
  4698 | D:4      | Reached skill level 7 in Ice Magic
  5478 | D:4      | Reached XP level 7. HP: 46/46 MP: 4/13
  5655 | D:4      | Reached skill level 8 in Ice Magic
  6074 | D:5      | Entered Level 5 of the Dungeon
  6086 | D:5      | Reached * piety under Vehumet
  6086 | D:5      | Offered knowledge of Magic Dart by Vehumet.
  6094 | D:4      | Reached skill level 9 in Ice Magic
  6380 | D:4      | Reached skill level 5 in Spellcasting
  6380 | D:4      | Reached XP level 8. HP: 17/52 MP: 4/15
  6970 | D:5      | Noticed Duvessa
  6970 | D:5      | Noticed Dowan
  6976 | D:5      | Killed Dowan
  6978 | D:5      | Killed Duvessa
  7222 | D:5      | Learned a level 3 spell: Ozocubu's Armour
  7224 | D:5      | Learned a level 1 spell: Magic Dart
  7240 | D:5      | Reached skill level 10 in Ice Magic
  8170 | D:6      | Offered knowledge of Shock by Vehumet.
  8298 | D:6      | Found a staircase to the Ecumenical Temple.
  8348 | D:6      | Noticed Sigmund
  8354 | D:6      | Killed Sigmund
  8354 | D:6      | Reached skill level 11 in Ice Magic
  8354 | D:6      | Reached XP level 9. HP: 57/57 MP: 13/18
  8438 | D:6      | Reached ** piety under Vehumet
  9643 | D:7      | Reached skill level 1 in Conjurations
 10046 | D:8      | Learned a level 4 spell: Hailstorm
 10534 | D:8      | Offered knowledge of Searing Ray by Vehumet.
 10836 | D:8      | Reached skill level 12 in Ice Magic
 11015 | D:8      | Noticed a cyclops
 11032 | D:8      | Killed a cyclops
 11032 | D:8      | Reached XP level 10. HP: 41/63 MP: 12/20
 11662 | D:9      | Reached *** piety under Vehumet
 11856 | D:9      | Noticed a two-headed ogre
 11865 | D:9      | Killed a two-headed ogre
 12017 | D:9      | Reached skill level 13 in Ice Magic
 12076 | D:9      | Offered knowledge of Conjure Flame by Vehumet.
 12567 | D:9      | Found a runed translucent door.
 12568 | D:9      | Noticed Bvern's ghost (novice BaIE)
 12635 | D:9      | HP: 1/63 [centaur warrior skeleton (3)]
 12636 | D:9      | Slain by a centaur warrior skeleton

Levels and vault maps discovered:
D:1:      moated_graveyard_arrival, layout_basic
D:2:      layout_loops_ring, trog_hazing_becter
D:3:      minmay_wonky_spiral, layout_basic, overflow_temple_1_default,
          minitemple, minmay_checkerbox
D:4:      layout_loops_corners, first_ration
D:5:      layout_rooms, uniq_duvessa
D:6:      layout_basic, minmay_temple_entry_glass, uniq_sigmund
D:7:      kb_forest_paths, layout_loops_ring
D:8:      layout_loops_corners
D:9:      layout_roguey, ebering_ghost_inner_flame

Skill      XL: |  1  2  3  4  5  6  7  8  9 10 |
---------------+-------------------------------+-----
Ice Magic      | 5 6 7 9 11 12 13 | 13.3
Spellcasting   | 3 4 5 6 7 8 |  8.0
Conjurations   | 2 4 |  4.0
Dodging        | |  2.6
Stealth        | |  2.1

Action                   |  1- 3 |  4- 6 |  7- 9 | 10-12 || total
-------------------------+-------+-------+-------+-------++-------
Melee: Unarmed           |    54 |     2 |       |       ||    56
       Hand axe          |       |    33 |   182 |    52 ||   267
 Cast: Freeze            |    66 |    75 |   179 |    40 ||   360
       Frozen Ramparts   |       |     3 |    19 |    10 ||    32
       Magic Dart        |       |       |    17 |       ||    17
       Hailstorm         |       |       |     4 |     9 ||    13
       Ozocubu's Armour  |       |       |     1 |       ||     1
Evoke: Wand              |       |       |     2 |       ||     2
  Use: Scroll            |     3 |       |    10 |     1 ||    14
       Potion            |       |       |     5 |     1 ||     6
 Stab: Sleeping          |       |       |     2 |       ||     2
  Eat: Chunk             |     5 |     7 |    19 |     1 ||    32
       Ration            |       |     1 |       |     1 ||     2
Armor: Robe              |    20 |    27 |   111 |    16 ||   174
Dodge: Dodged            |    81 |    77 |   315 |    77 ||   550

Table legend:
 A = Non-vault XP
 B = Vault XP
 C = Vault XP percentage of total XP
 D = Non-vault monster count
 E = Vault monster count
 F = Vault count percentage of total count
                 A         B        C        D         E       F
            +---------+---------+-------+---------+---------+-------
      Total |    6890 |     610 |   8.1 |     201 |      19 |   8.6
            +---------+---------+-------+---------+---------+-------
        D:1 |      45 |       0 |   0.0 |      27 |       0 |   0.0
        D:2 |      48 |      11 |  18.6 |      16 |       6 |  27.3
        D:3 |      55 |      12 |  17.9 |      15 |       7 |  31.8
        D:4 |     942 |       0 |   0.0 |      28 |       0 |   0.0
        D:5 |     560 |     211 |  27.4 |      24 |       2 |   7.7
        D:6 |     545 |     231 |  29.8 |      25 |       1 |   3.8
        D:7 |     503 |     145 |  22.4 |      15 |       3 |  16.7
        D:8 |    1601 |       0 |   0.0 |      24 |       0 |   0.0
        D:9 |    2591 |       0 |   0.0 |      27 |       0 |   0.0
            +---------+---------+-------+---------+---------+-------
